 Dungeon Crawl Stone Soup version 0.28.0-1-gb440e238dd (webtiles) character file.

Game seed: 11821024671825250583

526 spaghetti the Chopper (level 7, -9/52 HPs)
             Began as a Demonspawn Delver on Feb 20, 2022.
             Mangled by an ogre (30 damage)
             ... on level 4 of the Dungeon.
             The game lasted 00:05:02 (2700 turns).

spaghetti the Chopper (Demonspawn Delver)           Turns: 2700, Time: 00:05:03

Health: -9/52      AC:  6    Str: 12    XL:     7   Next: 2%
Magic:  7/7        EV: 11    Int: 12    God:
Gold:   8          SH:  0    Dex: 14    Spells: 6/6 levels left

rFire   . . .      SeeInvis .   a - +2 hand axe (venom)
rCold   . . .      Faith    .   (no shield)
rNeg    . . .      Spirit   .   b - +0 leather armour
rPois   .          Reflect  .   (no helmet)
rElec   .          Harm     .   (no cloak)
rCorr   .          Rampage  .   (no gloves)
Will    .....                   (no boots)
Stlth   ++........              (no amulet)
HPRegen 0.17/turn               (no ring)
MPRegen 0.10/turn               (no ring)

@: no status effects
A: slimy green scales 2, demonic touch 1, sense surroundings 1, weak 1
a: no special abilities


You were on level 4 of the Dungeon.
You visited 1 branch of the dungeon, and saw 2 of its levels.
You also visited: Ossuary.

You collected 8 gold pieces.

Inventory:

Hand Weapons
 a - a +2 hand axe of venom (weapon)
 k - a +0 hand axe
Armour
 b - a +0 leather armour (worn)
Wands
 g - a wand of digging (3)
Scrolls
 c - a scroll of fog
 d - a scroll of magic mapping
 e - 2 scrolls of fear
 h - 2 scrolls of identify
 m - 3 scrolls of teleportation
Potions
 f - a potion of haste
 i - a potion of flight
 j - a potion of magic
 l - 3 potions of cancellation {unknown}
 n - a potion of brilliance {unknown}
 o - a potion of curing


   Skills:
 - Level 3.0 Fighting
 + Level 7.0 Axes
 - Level 1.7 Dodging
 - Level 4.5 Stealth


You had 6 spell levels left.
You didn't know any spells.
Your spell library was empty.

Dungeon Overview and Level Annotations

Branches:
Dungeon (5/15)            Ossuary (visited)
 Temple: D:4-7

Altars:

Shops:
D:4 =!:


Innate Abilities, Weirdness & Mutations

You are mostly covered in slimy green scales. (AC +3)
Your touch may inflict minor irresistible damage on your foes.
You passively map a small area around you.
You are weak. (Str -2)


Message History

The bullfrog zombie barely misses you.
You barely miss the bullfrog zombie.
The bullfrog zombie is heavily damaged.
The bullfrog zombie hits you but does no damage. x2
You completely miss the bullfrog zombie.
Your touch misses the bullfrog zombie.
The bullfrog zombie is heavily damaged.
The bullfrog zombie barely misses you.
You barely miss the bullfrog zombie.
The bullfrog zombie is heavily damaged.
The bullfrog zombie barely misses you.
You hit the bullfrog zombie. Your touch misses the bullfrog zombie.
The bullfrog zombie is severely damaged.
The bullfrog zombie barely misses you.
You slash the bullfrog zombie!
You destroy the bullfrog zombie!
Your Axes skill increases to level 7!
You have reached level 7!
Your demonic ancestry asserts itself...
Slimy green scales spread over more of your body.
You start resting.
HP restored.
You climb upwards.
The ogre barely misses you.
The ogre hits you with a +0 giant club!!
There is a stone staircase leading down, spattered with blood here.
You barely miss the ogre.
You touch the ogre.
Your punch misses the ogre.
The ogre is lightly wounded.
You hit the ogre.
The ogre is poisoned.
The ogre is moderately wounded.
The ogre hits you with a +0 giant club!
There is a stone staircase leading up here.
There is an entrance to Habbea's Book Shop here.
The ogre looks more healthy.
Okay, then.
Okay, then.
You barely miss the ogre.
The ogre is heavily wounded.
The ogre hits you with a +0 giant club!!
Ouch! That really hurt!
You die...

* #.# #######.....# ####.## *
#.######## ###.### #....<.
#.#......# #...# #.##.##
####.#.####.# #...# #.##.##
##........##.# #...# #.#..##
......#.#.##.# #...# #...>.÷
......#.#.##.####...#######.#.##)
......#..................##∩.....
...#.####.......@O...............
..##.# ####.............#...##.#
(.##.# ######...####...#####.
..##.#### #...##...##.# #..
.###....# ###......### #.#.#.
.#*####.# ###.....#### #.... ..
#.# ###...#...# ####.
.#.####.###...###...# #.
........#...######.####### #.


You could see an ogre.

Vanquished Creatures
  An ogre (D:4)
  A howler monkey (D:4)
  A bullfrog zombie (D:5)
  3 human zombies (Ossuary)
  3 hounds
  A centaur zombie (Ossuary)
  An iguana (D:4)
  2 orc wizards (D:5)
  3 mummies (Ossuary)
  An adder (D:4)
  A shadow imp (D:4)
  A dart slug (D:4)
  4 orcs (D:5)
  4 endoplasms (D:4)
  2 gnoll zombies (Ossuary)
  2 goblins (D:4)
  2 jackals (D:4)
  2 quokkas (D:4)
  A ball python (D:4)
  A hobgoblin zombie (Ossuary)
  2 kobolds (D:4)
  A kobold zombie (Ossuary)
  A quokka zombie (D:5)
  A rat zombie (D:5)
42 creatures vanquished.

Notes
Turn   | Place    | Note
-------+----------+-------------------------------------------
     0 | D:5      | spaghetti the Demonspawn Delver began the quest for the
                  | Orb.
     0 | D:5      | Reached XP level 1. HP: 18/18 MP: 1/1
    14 | D:5      | Found a sand-covered staircase.
    22 | Ossuary  | Entered an ossuary
    67 | Ossuary  | Reached skill level 2 in Axes
    67 | Ossuary  | Gained mutation: You are partially covered in slimy green
                  | scales. (AC +2) [demonic ancestry]
    67 | Ossuary  | Reached XP level 2. HP: 3/24 MP: 2/2
    76 | Ossuary  | Gained mutation: Armour fits poorly on your strangely
                  | shaped body. [potion of mutation]
    79 | Ossuary  | Lost mutation: Armour fits poorly on your strangely shaped
                  | body. [potion of mutation]
    79 | Ossuary  | Gained mutation: You passively dampen the noise of your
                  | surroundings. [potion of mutation]
   663 | Ossuary  | Reached skill level 3 in Axes
   663 | Ossuary  | Gained mutation: Your touch may inflict minor irresistible
                  | damage on your foes. [demonic ancestry]
   663 | Ossuary  | Reached XP level 3. HP: 14/29 MP: 3/3
   836 | Ossuary  | Reached skill level 4 in Axes
   836 | Ossuary  | Reached XP level 4. HP: 26/35 MP: 4/4
  1311 | Ossuary  | Reached skill level 5 in Axes
  1311 | Ossuary  | Reached XP level 5. HP: 24/41 MP: 5/5
  1472 | Ossuary  | Lost mutation: You passively dampen the noise of your
                  | surroundings. [potion of mutation]
  1472 | Ossuary  | Gained mutation: You are weak. (Str -2) [potion of
                  | mutation]
  1472 | Ossuary  | Gained mutation: You passively map a small area around you.
                  | [potion of mutation]
  1709 | D:5      | Noticed an ogre
  1781 | D:4      | Killed an ogre
  1782 | D:4      | Reached skill level 6 in Axes
  1782 | D:4      | Reached XP level 6. HP: 27/47 MP: 6/6
  2023 | D:4      | Found Rakibrod's Distillery.
  2185 | D:4      | Found Oqops's Jewellery Shoppe.
  2369 | D:4      | Found Habbea's Book Shop.
  2464 | D:5      | Reached skill level 7 in Axes
  2464 | D:5      | Gained mutation: You are mostly covered in slimy green
                  | scales. (AC +3) [demonic ancestry]
  2464 | D:5      | Reached XP level 7. HP: 16/52 MP: 7/7
  2700 | D:4      | Mangled by an ogre

Illustrated notes

Levels and vault maps discovered:
D:4:      layout_loops_cross, serial_shops, shop, nicolae_shop_crystal,
          nicolae_take_the_stairs, nicolae_diamond_shop,
          minmay_fractal_squares_diagonal_5
D:5:      layout_cave_pools, enter_ossuary_4

Skill      XL: |  1  2  3  4  5  6 |
---------------+-------------------+-----
Axes           | 2 3 4 5 6 7 |  7.0
Fighting       | |  3.0
Dodging        | |  1.7
Stealth        | |  4.5

Action                   |  1- 3 |  4- 6 |  7- 9 || total
-------------------------+-------+-------+-------++-------
Melee: Hand axe          |    49 |   146 |     3 ||   198
       Punch             |     1 |       |       ||     1
       Touch             |     3 |    29 |     1 ||    33
  Use: Potion            |     3 |     6 |       ||     9
       Scroll            |     1 |     3 |       ||     4
 Stab: Sleeping          |     1 |     6 |       ||     7
Armor: Leather armour    |    12 |    41 |       ||    53
Dodge: Dodged            |    24 |    82 |     1 ||   107
